 Dungeon Crawl Stone Soup version 0.25-a0-518-g7669666 (webtiles) character file.

Game seed: 6028973123778263048, levelgen mode: deterministic

15 15 the Grasshopper (level 2, 0/24 HPs)
             Began as a Centaur Warper on Feb 17, 2020.
             Slain by a hobgoblin (3 damage)
             ... on level 1 of the Dungeon.
             The game lasted 00:01:00 (183 turns).

15 the Grasshopper (Centaur Warper)                  Turns: 183, Time: 00:01:01

Health: 0/24       AC:  4    Str: 13    XL:     2   Next: 34%
Magic:  4/4        EV:  9    Int: 12    God:
Gold:   25         SH:  0    Dex:  8    Spells: 4/4 levels left

rFire    . . .     SeeInvis .   a - +0 mace
rCold    . . .     Gourm    .   (no shield)
rNeg     . . .     Faith    .   b - +0 leather armour
rPois    .         Spirit   .   (no helmet)
rElec    .         Reflect  .   (no cloak)
rCorr    .         Harm     .   (no gloves)
MR       .....                  (no barding)
Stlth    ..........             (no amulet)
HPRegen  0.08/turn              (no ring)
MPRegen  0.09/turn              (no ring)

@: very quick
A: large, hooves 3, deformed body, speed 2, tough skin 3
a: no special abilities


You were on level 1 of the Dungeon.
You were not hungry.

You visited 1 branch of the dungeon, and saw 1 of its levels.

You collected 25 gold pieces.

Inventory:

Hand Weapons
 a - a +0 mace (weapon)
Missiles
 e - 5 boomerangs of dispersal (quivered)
Armour
 b - a +0 leather armour (worn)
Scrolls
 d - a scroll of blinking
Potions
 g - a potion of stabbing {unknown}
Comestibles
 c - 3 chunks of flesh
 f - a ration


   Skills:
 + Level 2.0 Fighting
 + Level 2.1 Maces & Flails
 + Level 1.1 Throwing
 + Level 1.0 Armour
 + Level 1.7 Dodging
 + Level 1.6 Spellcasting
   Level 2.6 Translocations


You had 4 spell levels left.
You didn't know any spells.
Your spell library contained the following spells:

 Spells                   Type           Power        Failure   Level  Hunger
 Blink                    Tloc           N/A          19%         2    ###....
 Shroud of Golubria       Chrm/Tloc      #.....       30%         2    ###....
 Gell's Gravitas          Tloc           #.........   34%         3    ####...
 Lesser Beckoning         Tloc           #.........   34%         3    ####...
 Teleport Other           Tloc           #.......     34%         3    ####...
 Passage of Golubria      Tloc           N/A          75%         4    #####..


Dungeon Overview and Level Annotations

Branches:
Dungeon (1/15)

Altars:


Innate Abilities, Weirdness & Mutations

You have hooves in place of feet.
Armour fits poorly on your strangely shaped body.
You cover ground very quickly.
You have extremely tough skin. (AC +3)


Message History

c - 3 chunks of flesh (gained 2)
You don't know any spells.
Sorry, you're not good enough to have a special ability.
You hit the gnoll. You kick the gnoll, but do no damage.
The gnoll is moderately wounded.
The gnoll closely misses you.
You barely miss the gnoll.
The gnoll is moderately wounded.
The gnoll hits you! The gnoll hits you.
* * * LOW HITPOINT WARNING * * *
You hit the gnoll. Your kick misses the gnoll.
The gnoll is moderately wounded.
The gnoll hits you.
* * * LOW HITPOINT WARNING * * *
You hit the gnoll. You kick the gnoll.
You kill the gnoll!
Your Maces & Flails skill increases to level 2!
You have reached level 2!
You closely miss the hobgoblin. The hobgoblin hits you.
You die...

###.....# #.#
#.# .........#
#.# #.#
######.#.#
####.# #.###
#####...# ..
..# #...#
(.......###.#
### ###.#
######......#
#.# #.###..#
#.#
#.###..######
#.#
#..@g........
#.#
#######..#####.
#.# .........#
#.# #######.##
#.# #g# #.# ...
#.# ... #>#
..... #.# .....
#.#


You could see a hobgoblin.

Vanquished Creatures
  A gnoll (D:1)
  A bat (D:1)
  A giant cockroach (D:1)
  A kobold (D:1)
  2 rats (D:1)
6 creatures vanquished.

Notes
Turn   | Place    | Note
-------+----------+-------------------------------------------
     0 | D:1      | 15 the Centaur Warper began the quest for the Orb.
     0 | D:1      | Reached XP level 1. HP: 17/17 MP: 3/3
   166 | D:1      | Reached skill level 1 in Armour
   182 | D:1      | Reached XP level 2. HP: 2/24 MP: 4/4
   183 | D:1      | Slain by a hobgoblin

Levels and vault maps discovered:
D:1:      shiori_arrival_whats_in_store_for_you, layout_loops_ring,
          minivault_24, minmay_misc_feat_square

Skill      XL: |  1 |
---------------+----+-----
Armour         | 1 |  1.0
Maces & Flails | 2 |  2.1
Fighting       | |  2.0
Throwing       | |  1.1
Dodging        | |  1.7
Spellcasting   | |  1.6
Translocations | |  2.6

Action                   || total
-------------------------++-------
Melee: Mace              ||    17
       Kick              ||     3
Armor: Leather armour    ||     3
Dodge: Dodged            ||     5

Table legend:
 A = Non-vault XP
 B = Vault XP
 C = Vault XP percentage of total XP
 D = Non-vault monster count
 E = Vault monster count
 F = Vault count percentage of total count
                 A         B        C        D         E       F
            +---------+---------+-------+---------+---------+-------
      Total |      22 |       0 |   0.0 |       6 |       0 |   0.0
            +---------+---------+-------+---------+---------+-------
        D:1 |      22 |       0 |   0.0 |       6 |       0 |   0.0
            +---------+---------+-------+---------+---------+-------
